 Dungeon Crawl Stone Soup version 0.16-a0-148-g3b84123 (webtiles) character file.

91 Ratboiler the Cudgeler (level 4, 44/44 HPs)
             Began as an Ogre Artificer on Aug 15, 2014.
             Quit the game on Level 2 of the Dungeon.
             The game lasted 00:05:00 (2019 turns).

Ratboiler the Cudgeler (Ogre Artificer)             Turns: 2019, Time: 00:05:00

HP  44/44        AC  5     Str 16      XL: 4   Next: 59%
MP   5/5         EV 10     Int 11      God:
Gold 156         SH  0     Dex 11      Spells:  0 memorised,  3 levels left

rFire  . . .     SeeInvis .     n - -1 whip (curse)
rCold  . . .     Clarity  .     e - +0 robe
rNeg   . . .     rCorr    .     (shield restricted)
rPois  .         rRot     .     (helmet restricted)
rElec  .         Spirit   .     q - +1 cloak
SustAb .         Warding  .     (gloves unavailable)
rMut   .         Stasis   .     (boots unavailable)
Gourm  .                        (no amulet)
MR     .....                    (no ring)
                                (no ring)

@: not resistant to hostile enchantments, very unstealthy
A: unfitting armour, tough skin 1
a: no special abilities


You were on level 2 of the Dungeon.
You were hungry.

You visited 1 branch of the dungeon, and saw 2 of its levels.

You collected 156 gold pieces.

Inventory:

Hand weapons
 a - a +2 club
 n - a cursed -1 whip (weapon)
Missiles
 j - 28 sling bullets
 s - 13 sling bullets of frost
Armour
 e - a +0 robe (worn)
 q - a +1 cloak (worn)
Magical devices
 b - a wand of flame (13)
 c - a wand of enslavement (13)
 d - a wand of random effects (12)
 p - a wand of enslavement (15)
Comestibles
 f - 3 meat rations
 g - 2 bread rations
 m - a royal jelly
 r - 2 rotting chunks of gnoll flesh
 t - a rotting chunk of adder flesh
Scrolls
 i - 2 scrolls of noise
Potions
 h - 2 potions of curing {unknown}
 o - a potion of cure mutation {unknown}


   Skills:
 + Level 2.8 Fighting
 * Level 4.3 Maces & Flails
 + Level 2.4 Dodging
 - Level 0.7 Stealth
 - Level 2.4 Evocations


You had 3 spell levels left.
You didn't know any spells.

Dungeon Overview and Level Annotations

Branches:
Dungeon (2/15)

Altars:


Innate Abilities, Weirdness & Mutations

You are too large for most types of armour.
You have tough skin (AC +1).


Message History

n - a cursed -1 whip (weapon)
u - a scroll labeled JENEKO THRETZ Read which item? (? for menu, Esc to quit)
As you read the scroll labeled KAWUPL IBRUMY, it crumbles to dust.
You hear a loud clanging noise!
It was a scroll of noise.
Read which item? (? for menu, Esc to quit)
As you read the scroll labeled GEEMYR DUORA, it crumbles to dust.
It is a scroll of enchant armour.
Enchant which item? (? for menu, Esc to quit)
Your +0 cloak glows green for a moment.
Read which item? (? for menu, Esc to quit)
As you read the scroll labeled CROVIN XECHIUCK, it crumbles to dust.
It is a scroll of enchant weapon.
Enchant which weapon? (? for menu, Esc to quit)
Your +1 club glows red for a moment.
Read which item? (? for menu, Esc to quit)
As you read the scroll labeled JENEKO THRETZ, it crumbles to dust.
You feel forgetful for a moment.
It was a scroll of amnesia.
Are you sure you want to abandon this character and quit the game? (Confirm with "yes".)

###### ######.# #....#
##......# #....#
##..### ###
#....###...#@# .>#
#....##.)##.## #.#
#....#...#.#)...#
#)###......##.##....#
#.##.......#.#.....#..#
#.##...####%##....## ##
#......#[.[#...#.##
#......#.%.#..##.#
#......#[..#...#.#


There were no monsters in sight!

Vanquished Creatures
  Crazy Yiuf (D:2)
  A gnoll (D:2)
  An adder (D:2)
  A worm (D:2)
  A giant gecko (D:1)
  A giant cockroach (D:1)
  2 hobgoblins
  8 kobolds
  A quokka (D:2)
  2 ball pythons
  7 bats
  2 giant newts
  6 rats
34 creatures vanquished.

Vanquished Creatures (collateral kills)
  A gnoll (D:2)
  An adder (D:2)
  A hobgoblin (D:2)
  A quokka (D:2)
  A giant newt (D:2)
5 creatures vanquished.

Grand Total: 39 creatures vanquished

Notes
Turn   | Place    | Note
--------------------------------------------------------------
     0 | D:1      | Ratboiler, the Ogre Artificer, began the quest for the Orb.
     0 | D:1      | Reached XP level 1. HP: 19/19 MP: 1/1
   100 | D:1      | Reached XP level 2. HP: 25/27 MP: 2/2
   782 | D:1      | Reached XP level 3. HP: 33/35 MP: 4/4
   817 | D:2      | Reached skill level 3 in Maces & Flails
  1570 | D:2      | Noticed Crazy Yiuf
  1591 | D:2      | Killed Crazy Yiuf
  1591 | D:2      | Reached skill level 4 in Maces & Flails
  1591 | D:2      | Reached XP level 4. HP: 35/44 MP: 5/5
  2019 | D:2      | Quit the game

Action                   |  1- 3 |  4- 6 || total
-------------------------+-------+-------++-------
Melee: Club              |   123 |    33 ||   156
Evoke: Wand              |     5 |     2 ||     7
  Use: Scroll            |       |     4 ||     4
 Stab: Invisible         |     1 |       ||     1
       Sleeping          |       |     1 ||     1
  Eat: Chunk             |     2 |     1 ||     3
